TOP OF THE 1ST |
Chicago (NYP) White Sox batting - Pitching for Tri-City ValleyCats : RHP Jaquan Alston
|
Pitching: RHP Jaquan Alston
|
|
Batting: LHB Adam Tarbutton
|
0-0: Ball 1-0: Ball 2-0: Called Strike 2-1: Foul Ball, location: 2F 2-2: Strikes out looking
|
Batting: RHB Mark Jones
|
0-0: Called Strike 0-1: Ground out 4-3 (Groundball, 4, EV 85.6 MPH)
|
Batting: LHB Larry Myers
|
0-0: Foul Ball, location: 2F 0-1: Called Strike 0-2: Ball 1-2: Foul Ball, location: 2F 1-2: Ball 2-2: Ball 3-2: Ground out 3-1 (Groundball, 13, EV 95.0 MPH)
|
Top of the 1st over - 0 runs, 0 hits, 0 errors, 0 left on base; Chicago (NYP) 0 - Tri-City 0 |
BOTTOM OF THE 1ST |
Tri-City ValleyCats batting - Pitching for Chicago (NYP) White Sox : RHP Mike Borell
|
Pitching: RHP Mike Borell
|
|
Batting: RHB Joe Cook
|
0-0: Ball 1-0: Called Strike 1-1: Foul Ball, location: 2F 1-2: Ball 2-2: Strikes out swinging
|
Batting: RHB Jason Monico
|
0-0: Bunted foul 0-1: Ball 1-1: Ball 2-1: Foul Ball, location: 2F 2-2: Ball 3-2: Strikes out looking
|
Batting: RHB Elijah Hunter
|
0-0: Ball 1-0: Ball 2-0: Ball 3-0: Called Strike 3-1: Base on Balls
|
Batting: LHB Josh Birkner
|
0-0: Hit by Pitch Elijah Hunter to second
|
Batting: RHB Bobby Dunn
|
0-0: Ball 1-0: Reached via error on a dropped throw from 1B, E1 (Groundball, 34S, EV 73.8 MPH) Elijah Hunter to third Josh Birkner to second
|
Batting: RHB Ryan Salas
|
0-0: Called Strike 0-1: Ball 1-1: Foul Ball, location: 2F 1-2: Ball 2-2: Ball Wild Pitch! Elijah Hunter scores Josh Birkner to third Bobby Dunn to second 3-2: Foul Ball, location: 2F 3-2: Strikes out swinging
|
Bottom of the 1st over - 1 run, 0 hits, 1 error, 2 left on base; Chicago (NYP) 0 - Tri-City 1 |
TOP OF THE 2ND |
Chicago (NYP) White Sox batting - Pitching for Tri-City ValleyCats : RHP Jaquan Alston
|
Batting: LHB Josh Pittman
|
0-0: Ball 1-0: Ball 2-0: Swinging Strike 2-1: Swinging Strike 2-2: Strikes out looking
|
Batting: LHB Ryan Dyal
|
0-0: Called Strike 0-1: Ball 1-1: SINGLE (Groundball, 56, EV 99.4 MPH) (infield hit)
|
Batting: LHB Herkko Haavikko
|
0-0: Foul Ball, location: 2F 0-1: Ball 1-1: Foul Ball, location: 2F 1-2: Foul Ball, location: 2F 1-2: Fly out, F7 (Flyball, 78M, EV 88.1 MPH)
|
Batting: LHB Carlos Ramirez
|
0-0: Ball 1-0: Called Strike 1-1: Ball 2-1: Ball 3-1: Called Strike 3-2: Foul Ball, location: 2F 3-2: Foul Ball, location: 2F 3-2: Base on Balls Ryan Dyal to second
|
Batting: RHB Yorkis Saiki
|
0-0: Ball 1-0: Foul Ball, location: 2F 1-1: Foul Ball, location: 2F 1-2: Ball 2-2: Fly out, F9 (Flyball, 9, EV 79.4 MPH)
|
Top of the 2nd over - 0 runs, 1 hit, 0 errors, 2 left on base; Chicago (NYP) 0 - Tri-City 1 |
BOTTOM OF THE 2ND |
Tri-City ValleyCats batting - Pitching for Chicago (NYP) White Sox : RHP Mike Borell
|
Batting: LHB Mark Dearth
|
0-0: DOUBLE (Groundball, 3L, EV 94.4 MPH)
|
Batting: RHB Jorge Gutierrez
|
0-0: Called Strike 0-1: Ball 1-1: Ball 2-1: Foul Ball, location: 2F 2-2: Foul Ball, location: 2F 2-2: Ground out 4-3 (Groundball, 4, EV 90.6 MPH) Mark Dearth to third
|
Batting: SHB Miguel Sierra
|
0-0: Ground out 4-3 (Groundball, 34D, EV 103.8 MPH) Mark Dearth scores
|
Batting: RHB Joe Cook
|
0-0: Ball 1-0: Ground out U3 (Groundball, 3L, EV 91.9 MPH)
|
Bottom of the 2nd over - 1 run, 1 hit, 0 errors, 0 left on base; Chicago (NYP) 0 - Tri-City 2 |
TOP OF THE 3RD |
Chicago (NYP) White Sox batting - Pitching for Tri-City ValleyCats : RHP Jaquan Alston
|
Batting: RHB Carsten Koers
|
0-0: Ball 1-0: Foul Ball, location: 2F 1-1: Ball 2-1: Ball 3-1: Base on Balls
|
Batting: LHB Adam Tarbutton
|
0-0: TRIPLE (Flyball, 8RXD, EV 106.2 MPH) Carsten Koers scores
|
Batting: RHB Mark Jones
|
0-0: Swinging Strike 0-1: Swinging Strike 0-2: Strikes out swinging
|
Batting: LHB Larry Myers
|
0-0: Fly out, F9 (Flyball, 89D, EV 84.4 MPH) Runner from 3rd tags up, SCORES, no throw by RF
|
Batting: LHB Josh Pittman
|
0-0: Ball 1-0: Called Strike 1-1: Ball 2-1: Foul Ball, location: 2F 2-2: Strikes out looking
|
Top of the 3rd over - 2 runs, 1 hit, 0 errors, 0 left on base; Chicago (NYP) 2 - Tri-City 2 |
BOTTOM OF THE 3RD |
Tri-City ValleyCats batting - Pitching for Chicago (NYP) White Sox : RHP Mike Borell
|
Batting: RHB Jason Monico
|
0-0: Called Strike 0-1: Foul Ball, location: 2F 0-2: Ball 1-2: Ball 2-2: Ground out 6-3 (Groundball, 6, EV 85.0 MPH)
|
Batting: RHB Elijah Hunter
|
0-0: Ball 1-0: Ball 2-0: Ball 3-0: Foul Ball, location: 2F 3-1: Base on Balls
|
Batting: LHB Josh Birkner
|
0-0: Called Strike 0-1: SINGLE (Groundball, 34D, EV 108.1 MPH) Elijah Hunter to second Runner from 2nd tries for 3rd, SAFE, throw by RF made to third Josh Birkner to second
|
Batting: RHB Bobby Dunn
|
0-0: Called Strike Balk! Elijah Hunter scores Josh Birkner to third 0-1: Ball 1-1: Ball 2-1: Called Strike 2-2: Strikes out swinging
|
Batting: RHB Ryan Salas
|
0-0: Called Strike 0-1: Foul Ball, location: 2F 0-2: Foul Ball, location: 2F 0-2: Ball 1-2: Foul Ball, location: 2F 1-2: Strikes out swinging
|
Bottom of the 3rd over - 1 run, 1 hit, 0 errors, 1 left on base; Chicago (NYP) 2 - Tri-City 3 |
TOP OF THE 4TH |
Chicago (NYP) White Sox batting - Pitching for Tri-City ValleyCats : RHP Jaquan Alston
|
Batting: LHB Ryan Dyal
|
0-0: Foul Ball, location: 2F 0-1: Called Strike 0-2: Strikes out swinging
|
Batting: LHB Herkko Haavikko
|
0-0: Ball 1-0: DOUBLE (Line Drive, 7LS, EV 91.2 MPH)
|
Batting: LHB Carlos Ramirez
|
0-0: Ball 1-0: Ball 2-0: Ball 3-0: Base on Balls
|
Batting: RHB Yorkis Saiki
|
0-0: Ball 1-0: Swinging Strike 1-1: SINGLE (Line Drive, 5D, EV 99.4 MPH) Herkko Haavikko to third Carlos Ramirez to second
|
Pitching: RHP Jon Davis
|
|
Pinch Hitting: LHB Justin Stickney
|
0-0: Fly out, F8 (Line Drive, 8LM, EV 108.8 MPH)
|
Batting: LHB Adam Tarbutton
|
0-0: Ball Passed Ball! Herkko Haavikko scores Carlos Ramirez to third Yorkis Saiki to second 1-0: Ball 2-0: Ball 3-0: Base on Balls
|
Batting: RHB Mark Jones
|
0-0: Ball 1-0: DOUBLE (Line Drive, 89D, EV 108.1 MPH) Carlos Ramirez scores Yorkis Saiki scores Adam Tarbutton to third Runner from 3rd tries for Home, SAFE, no throw by RF
|
Batting: LHB Larry Myers
|
0-0: Ball 1-0: Ball 2-0: Called Strike 2-1: Foul Ball, location: 2F 2-2: Foul Ball, location: 2F 2-2: Foul Ball, location: 2F 2-2: Ball 3-2: Foul Ball, location: 2F 3-2: Base on Balls
|
Batting: LHB Josh Pittman
|
0-0: Ball 1-0: Fielders Choice at 2nd, U6 (Groundball, 6M, EV 99.4 MPH)
|
Top of the 4th over - 4 runs, 3 hits, 0 errors, 2 left on base; Chicago (NYP) 6 - Tri-City 3 |
BOTTOM OF THE 4TH |
Tri-City ValleyCats batting - Pitching for Chicago (NYP) White Sox : RHP Mike Borell
|
Now at 3B: Gonçalo Burhil
|
|
Batting: LHB Mark Dearth
|
0-0: Ball 1-0: SINGLE (Flyball, 78S, EV 93.8 MPH)
|
Batting: RHB Jorge Gutierrez
|
0-0: Ball 1-0: DOUBLE (Line Drive, 78XD, EV 105.6 MPH) Mark Dearth to third Runner from 3rd tries for Home, SAFE, throw by CF to trailing runner, SAFE at third!
|
Batting: SHB Miguel Sierra
|
Balk! Jorge Gutierrez scores
|
Pitching: RHP Jae-weong Lee
|
0-0: Swinging Strike 0-1: Called Strike 0-2: Foul Ball, location: 2F 0-2: Foul Ball, location: 2F 0-2: Ball 1-2: Ball 2-2: Ball 3-2: Strikes out swinging
|
Batting: RHB Joe Cook
|
0-0: Swinging Strike 0-1: Swinging Strike 0-2: Ball 1-2: Strikes out swinging
|
Batting: RHB Jason Monico
|
0-0: SINGLE (Groundball, 56S, EV 72.5 MPH) (infield hit)
|
Batting: RHB Elijah Hunter
|
0-0: Ball 1-0: Called Strike 1-1: Ball 2-1: Ball 3-1: Swinging Strike 3-2: 2-RUN HOME RUN (Flyball, 9D, EV 95.0 MPH), Distance : 360 ft
|
Batting: LHB Josh Birkner
|
0-0: Called Strike 0-1: Foul Ball, location: 2F 0-2: Strikes out looking
|
Bottom of the 4th over - 4 runs, 4 hits, 0 errors, 0 left on base; Chicago (NYP) 6 - Tri-City 7 |
TOP OF THE 5TH |
Chicago (NYP) White Sox batting - Pitching for Tri-City ValleyCats : RHP Jon Davis
|
Batting: LHB Ryan Dyal
|
0-0: Ball 1-0: Called Strike 1-1: Swinging Strike 1-2: Ball 2-2: Strikes out swinging
|
Batting: LHB Herkko Haavikko
|
0-0: Ball 1-0: Fly out, F7 (Flyball, 7S, EV 92.5 MPH)
|
Batting: LHB Carlos Ramirez
|
0-0: Ball 1-0: Foul Ball, location: 2F 1-1: Foul Ball, location: 2F 1-2: Ball 2-2: Ball 3-2: Base on Balls
|
Batting: RHB Yorkis Saiki
|
0-0: Called Strike 0-1: Ball 1-1: SINGLE (Groundball, 6MD, EV 110.6 MPH) Carlos Ramirez to second Runner from 2nd tries for 3rd, SAFE, throw by CF made to third
|
Pinch Hitting: LHB Jeff Alphonso
|
0-0: Ball 1-0: Called Strike 1-1: Ball 2-1: Ball 3-1: Foul Ball, location: 2F 3-2: Base on Balls Yorkis Saiki to second
|
Batting: LHB Adam Tarbutton
|
0-0: Ball 1-0: Ball 2-0: Called Strike 2-1: Ball 3-1: Called Strike 3-2: Foul Ball, location: 2F 3-2: SINGLE (Line Drive, 4D, EV 96.9 MPH) Carlos Ramirez scores Yorkis Saiki to third Jeff Alphonso to second Yorkis Saiki scores Jeff Alphonso to third
|
Batting: RHB Mark Jones
|
0-0: Ball 1-0: Ball 2-0: Called Strike 2-1: Ball 3-1: Foul Ball, location: 2F 3-2: Strikes out looking
|
Top of the 5th over - 2 runs, 2 hits, 0 errors, 2 left on base; Chicago (NYP) 8 - Tri-City 7 |
BOTTOM OF THE 5TH |
Tri-City ValleyCats batting - Pitching for Chicago (NYP) White Sox : RHP Jae-weong Lee
|
Now at 3B: Victor Orozco
|
|
Batting: RHB Bobby Dunn
|
0-0: Swinging Strike 0-1: Ball 1-1: Swinging Strike 1-2: Ball 2-2: Strikes out swinging
|
Batting: RHB Ryan Salas
|
0-0: Called Strike 0-1: Ball 1-1: Ball 2-1: Ground out U3 (Groundball, 3S, EV 91.9 MPH)
|
Batting: LHB Mark Dearth
|
0-0: Foul Ball, location: 2F 0-1: SINGLE (Groundball, 56S, EV 98.8 MPH)
|
Batting: RHB Jorge Gutierrez
|
0-0: Ball Wild Pitch! Mark Dearth to second 1-0: Ball Wild Pitch! Mark Dearth to third 2-0: Called Strike 2-1: Foul Ball, location: 2F 2-2: Strikes out swinging
|
Bottom of the 5th over - 0 runs, 1 hit, 0 errors, 1 left on base; Chicago (NYP) 8 - Tri-City 7 |
TOP OF THE 6TH |
Chicago (NYP) White Sox batting - Pitching for Tri-City ValleyCats : RHP Jon Davis
|
Batting: LHB Larry Myers
|
0-0: Ball 1-0: SOLO HOME RUN (Flyball, 9LD, EV 90.6 MPH), Distance : 338 ft
|
Batting: LHB Josh Pittman
|
0-0: Swinging Strike 0-1: Ball 1-1: Foul Ball, location: 2F 1-2: Strikes out swinging
|
Batting: LHB Ryan Dyal
|
0-0: Called Strike 0-1: Ball 1-1: Fly out, F7 (Flyball, 78D, EV 110.6 MPH)
|
Pitching: RHP Jordan Williams
|
|
Batting: LHB Herkko Haavikko
|
0-0: Foul Ball, location: 2F 0-1: Ball 1-1: Called Strike 1-2: Ball 2-2: Foul Ball, location: 2F 2-2: Ball 3-2: Base on Balls
|
Batting: LHB Carlos Ramirez
|
0-0: Ball 1-0: Swinging Strike 1-1: Swinging Strike 1-2: Ball Wild Pitch! Herkko Haavikko to second 2-2: Ground out 4-3 (Groundball, 4, EV 110.6 MPH)
|
Top of the 6th over - 1 run, 1 hit, 0 errors, 1 left on base; Chicago (NYP) 9 - Tri-City 7 |
BOTTOM OF THE 6TH |
Tri-City ValleyCats batting - Pitching for Chicago (NYP) White Sox : RHP Jae-weong Lee
|
Batting: SHB Miguel Sierra
|
0-0: Foul Ball, location: 2F 0-1: Ball 1-1: Ball 2-1: Ball 3-1: Foul Ball, location: 2F 3-2: DOUBLE (Line Drive, 9LM, EV 96.9 MPH)
|
Batting: RHB Joe Cook
|
0-0: Ball 1-0: Ball 2-0: Swinging Strike 2-1: SINGLE (Flyball, 7LM, EV 98.1 MPH) Miguel Sierra to third
|
Batting: RHB Jason Monico
|
0-0: Ball Joe Cook is caught stealing 2nd base 2-4 1-0: Foul Ball, location: 2F 1-1: Called Strike 1-2: Ball 2-2: Ground out 6-3 (Groundball, 6, EV 86.2 MPH) Miguel Sierra scores
|
Batting: RHB Elijah Hunter
|
0-0: Called Strike 0-1: Ball 1-1: Swinging Strike 1-2: Ball 2-2: Strikes out swinging
|
Bottom of the 6th over - 1 run, 2 hits, 0 errors, 0 left on base; Chicago (NYP) 9 - Tri-City 8 |
TOP OF THE 7TH |
Chicago (NYP) White Sox batting - Pitching for Tri-City ValleyCats : RHP Jordan Williams
|
Batting: RHB Yorkis Saiki
|
0-0: Foul Ball, location: 2F 0-1: Called Strike 0-2: Ball 1-2: Foul Ball, location: 2F 1-2: SINGLE (Groundball, 56D, EV 100.6 MPH)
|
Batting: RHB Victor Orozco
|
0-0: Ball 1-0: Ball 2-0: Ground out 5-3 (Groundball, 56, EV 84.4 MPH) Yorkis Saiki to second
|
Batting: LHB Adam Tarbutton
|
0-0: Ball 1-0: Ball 2-0: DOUBLE (Flyball, 89XD, EV 96.9 MPH) Yorkis Saiki scores
|
Batting: RHB Mark Jones
|
0-0: DOUBLE (Line Drive, 9LS, EV 95.0 MPH) Adam Tarbutton scores
|
Batting: LHB Larry Myers
|
0-0: Ball 1-0: Foul Ball, location: 2F 1-1: Foul Ball, location: 2F 1-2: Ball Wild Pitch! Mark Jones to third 2-2: Fly out, F4 (Flyball, 34D, EV 91.2 MPH)
|
Batting: LHB Josh Pittman
|
0-0: Foul Ball, location: 2F 0-1: Ball 1-1: Ball 2-1: Foul Ball, location: 2F 2-2: Ball 3-2: Base on Balls
|
Batting: LHB Ryan Dyal
|
0-0: TRIPLE (Line Drive, 89XD, EV 105.6 MPH) Mark Jones scores Josh Pittman scores
|
Batting: LHB Herkko Haavikko
|
0-0: SINGLE (Flyball, 34D, EV 93.1 MPH) Ryan Dyal scores
|
Batting: LHB Carlos Ramirez
|
0-0: Called Strike 0-1: Ball 1-1: Ball Balk! Herkko Haavikko to second 2-1: Foul Ball, location: 2F 2-2: Fly out, F6 (Popup, P, EV 90.6 MPH)
|
Top of the 7th over - 5 runs, 5 hits, 0 errors, 1 left on base; Chicago (NYP) 14 - Tri-City 8 |
BOTTOM OF THE 7TH |
Tri-City ValleyCats batting - Pitching for Chicago (NYP) White Sox : RHP Jae-weong Lee
|
Batting: LHB Josh Birkner
|
0-0: Called Strike 0-1: Ball 1-1: Ball 2-1: Ball 3-1: Fly out, F8 (Flyball, 8LS, EV 75.6 MPH)
|
Batting: RHB Bobby Dunn
|
0-0: Ball 1-0: Fly out, F8 (Flyball, 8RXD, EV 103.1 MPH)
|
Batting: RHB Ryan Salas
|
0-0: Ball 1-0: Foul Ball, location: 2F 1-1: SINGLE (Line Drive, 34D, EV 105.6 MPH)
|
Batting: LHB Mark Dearth
|
0-0: Ground out 4-3 (Groundball, 4, EV 84.4 MPH)
|
Bottom of the 7th over - 0 runs, 1 hit, 0 errors, 1 left on base; Chicago (NYP) 14 - Tri-City 8 |
TOP OF THE 8TH |
Chicago (NYP) White Sox batting - Pitching for Tri-City ValleyCats : RHP Jordan Williams
|
Batting: RHB Yorkis Saiki
|
0-0: Ball 1-0: Ball 2-0: Called Strike 2-1: Called Strike 2-2: Fly out, F4 (Popup, 34D, EV 64.4 MPH)
|
Batting: RHB Victor Orozco
|
0-0: Foul Ball, location: 2F 0-1: Foul Ball, location: 2F 0-2: Hit by Pitch
|
Pinch Runner at 1st Nick Richardson:
|
|
Batting: LHB Adam Tarbutton
|
0-0: Called Strike 0-1: Ball 1-1: Ball 2-1: Ball 3-1: Called Strike 3-2: Base on Balls Nick Richardson to second
|
Batting: RHB Mark Jones
|
0-0: Called Strike 0-1: Swinging Strike 0-2: TRIPLE (Line Drive, 89XD, EV 100.6 MPH) Nick Richardson scores Adam Tarbutton scores
|
Batting: LHB Larry Myers
|
0-0: Swinging Strike 0-1: Ball Wild Pitch! Mark Jones scores 1-1: Called Strike 1-2: Ball 2-2: Foul Ball, location: 2F 2-2: Ball 3-2: Base on Balls
|
Pitching: RHP Masaru Konno
|
|
Batting: LHB Josh Pittman
|
0-0: Ball 1-0: Ball 2-0: Swinging Strike 2-1: SINGLE (Line Drive, 9S, EV 93.8 MPH) Larry Myers to second
|
Batting: LHB Ryan Dyal
|
0-0: Ball 1-0: Ball 2-0: Ball 3-0: Base on Balls Larry Myers to third Josh Pittman to second
|
Batting: LHB Herkko Haavikko
|
0-0: Called Strike 0-1: Foul Ball, location: 2F 0-2: Ball 1-2: Foul Ball, location: 2F 1-2: Ball 2-2: Fly out, F5 (Flyball, 56D, EV 75.0 MPH)
|
Batting: LHB Carlos Ramirez
|
0-0: Ball 1-0: Fly out, F8 (Flyball, 8LM, EV 83.8 MPH)
|
Top of the 8th over - 3 runs, 2 hits, 0 errors, 3 left on base; Chicago (NYP) 17 - Tri-City 8 |
BOTTOM OF THE 8TH |
Tri-City ValleyCats batting - Pitching for Chicago (NYP) White Sox : RHP Jae-weong Lee
|
Now at 3B: Josiah Wright
|
|
Batting: RHB Jorge Gutierrez
|
0-0: Called Strike 0-1: Swinging Strike 0-2: Ball 1-2: Strikes out looking
|
Pitching: RHP Nate Davis
|
|
Batting: SHB Miguel Sierra
|
0-0: Ball 1-0: Foul Ball, location: 2F 1-1: Swinging Strike 1-2: Ball 2-2: Foul Ball, location: 2F 2-2: Strikes out swinging
|
Batting: RHB Joe Cook
|
0-0: Foul Ball, location: 2F 0-1: Called Strike 0-2: Ball 1-2: Ball 2-2: SINGLE (Flyball, 8LS, EV 91.2 MPH)
|
Batting: RHB Jason Monico
|
0-0: Ball 1-0: Fly out, F9 (Line Drive, 9, EV 86.2 MPH)
|
Bottom of the 8th over - 0 runs, 1 hit, 0 errors, 1 left on base; Chicago (NYP) 17 - Tri-City 8 |
TOP OF THE 9TH |
Chicago (NYP) White Sox batting - Pitching for Tri-City ValleyCats : RHP Masaru Konno
|
Pinch Hitting: RHB Chris LaMore
|
0-0: Ball 1-0: Ball 2-0: Called Strike 2-1: Foul Ball, location: 2F 2-2: Ball 3-2: Ground out 5-3 (Groundball, 56S, EV 71.2 MPH)
|
Batting: RHB Josiah Wright
|
0-0: Ball 1-0: Ball 2-0: Called Strike 2-1: Foul Ball, location: 2F 2-2: Ball 3-2: Base on Balls
|
Batting: LHB Adam Tarbutton
|
0-0: Called Strike 0-1: Ball 1-1: Ball 2-1: Ball 3-1: Base on Balls Josiah Wright to second
|
Batting: RHB Mark Jones
|
0-0: Ball 1-0: Ball 2-0: Ball Passed Ball! Josiah Wright to third Adam Tarbutton to second 3-0: Base on Balls
|
Batting: LHB Larry Myers
|
0-0: Called Strike 0-1: Ball 1-1: Foul Ball, location: 2F 1-2: Foul Ball, location: 2F 1-2: Foul Ball, location: 2F 1-2: Ball 2-2: Fly out, F9 (Line Drive, 9D, EV 94.4 MPH) Runner from 3rd tags up, SCORES, throw by RF Adam Tarbutton to third
|
Pitching: LHP Chris McGrath
|
|
Batting: LHB Josh Pittman
|
0-0: Called Strike 0-1: Foul Ball, location: 2F 0-2: Fly out, F9 (Flyball, 9LS, EV 75.6 MPH)
|
Top of the 9th over - 1 run, 0 hits, 0 errors, 2 left on base; Chicago (NYP) 18 - Tri-City 8 |
BOTTOM OF THE 9TH |
Tri-City ValleyCats batting - Pitching for Chicago (NYP) White Sox : RHP Nate Davis
|
Now at C: Chris LaMore
|
|
Batting: RHB Elijah Hunter
|
0-0: Foul Ball, location: 2F 0-1: Ball 1-1: Called Strike 1-2: Foul Ball, location: 2F 1-2: Ball 2-2: Foul Ball, location: 2F 2-2: Foul Ball, location: 2F 2-2: Ball 3-2: Base on Balls
|
Batting: LHB Josh Birkner
|
0-0: Foul Ball, location: 2F 0-1: Foul Ball, location: 2F 0-2: Strikes out looking
|
Batting: RHB Bobby Dunn
|
0-0: Swinging Strike 0-1: Foul Ball, location: 2F 0-2: Strikes out swinging
|
Batting: RHB Ryan Salas
|
0-0: Swinging Strike 0-1: Ball 1-1: Foul Ball, location: 2F 1-2: Ball 2-2: Ball 3-2: Strikes out swinging
|
Bottom of the 9th over - 0 runs, 0 hits, 0 errors, 1 left on base; Chicago (NYP) 18 - Tri-City 8 |
|